 Dungeon Crawl Stone Soup version 0.18-a0-1454-g5e6cd1e (webtiles) character file.

9226 KarvaRausku the Infuser (level 11, -11/74 HPs)
             Began as a High Elf Conjurer on Feb 28, 2016.
             Was a Priest of Vehumet.
             Mangled by a wolf spider (19 damage)
             ... on level 8 of the Dungeon on Mar 1, 2016.
             The game lasted 01:00:48 (10905 turns).

KarvaRausku the Infuser (High Elf Conjurer)        Turns: 10905, Time: 01:00:48

Health: -11/74     AC:  8    Str:  8    XL:     11   Next: 20%
Magic:  14/19      EV: 18    Int: 24    God:    Vehumet [***...]
Gold:   590        SH:  4    Dex: 17    Spells: 5 memorised, 7 levels left

rFire  . . .     SeeInvis .     a - +8 spear of the Extremes {drain, Int+3}
rCold  . . .     Gourm    .     x - +0 robe
rNeg   . . .     Faith    .     s - +0 buckler
rPois  .         Spirit   .     (no helmet)
rElec  .         Dismiss  .     t - +2 cloak
rCorr  .         Reflect  .     P - +0 pair of gloves
SustAt .         Harm     .     Q - +0 pair of boots
MR     +....                    C - amulet of magic regeneration
Stlth  ++........               K - +1 ring of evasion
                                (no ring)

@: somewhat resistant to hostile enchantments, unstealthy
A: icy blue scales 1
a: Renounce Religion


You were on level 8 of the Dungeon.
You worshipped Vehumet.
Vehumet was most pleased with you.
You were not hungry.

You visited 3 branches of the dungeon, and saw 13 of its levels.
You also visited: Sewer.

You collected 590 gold pieces.

Inventory:

Hand Weapons
 a - the +8 spear of the Extremes (weapon) {drain, Int+3}
   (You found it in a sewer)

   A truly terrible weapon, it drains the life of those it strikes.
   It affects your intelligence (+3).
 m - a +4 quarterstaff of chaos
 v - a cursed -2 scythe
Missiles
 k - 3 javelins (quivered)
Armour
 s - a +0 buckler (worn)
 t - a +2 cloak (worn)
 x - a +0 robe (worn)
 P - a +0 pair of gloves (worn)
 Q - a +0 pair of boots (worn)
Rods
 W - a +0 rod of shadows (13/13)
   (You found it on level 9 of the Dungeon)
Jewellery
 C - an amulet of magic regeneration (around neck)
 K - a +1 ring of evasion (right hand)
Wands
 d - a wand of confusion (18/48)
 p - a wand of iceblast (11/15)
 u - a wand of acid (7/15)
 y - a wand of digging (15/24)
 V - a wand of disintegration (7/24)
Scrolls
 e - a scroll of immolation
 g - 6 scrolls of identify
 h - 4 scrolls of remove curse
 o - 2 scrolls of fear
 A - a scroll of blinking
 E - a scroll of fog
 J - 2 scrolls of enchant weapon {unknown}
 L - 3 scrolls of noise {unknown}
 O - a scroll of amnesia {unknown}
Potions
 j - 5 potions of mutation {unknown}
 l - a potion of lignification {unknown}
 n - 2 potions of curing
 q - 2 potions of resistance {unknown}
 r - a potion of heal wounds {unknown}
 z - 2 potions of cure mutation
 B - 3 potions of might {unknown}
 G - a potion of haste {unknown}
 M - a potion of magic {unknown}
 R - a potion of ambrosia {unknown}
 U - 2 potions of invisibility {unknown}
 X - 3 potions of agility {unknown}
 Y - a potion of cancellation {unknown}
Books
 b - a book of Conjurations

   Spells                             Type                      Level
   a - Magic Dart                     Conjuration                  1
   b - Searing Ray                    Conjuration                  2
   c - Dazzling Spray                 Conjuration/Hexes            3
   d - Fulminant Prism                Conjuration/Hexes            4
   e - Iskenderun's Mystic Blast      Conjuration                  4
   f - Iskenderun's Battlesphere      Conjuration/Charms           5
 w - a book of Spatial Translocations

   Spells                             Type                      Level
   a - Apportation                    Translocation                1
   b - Blink                          Translocation                2
   c - Shroud of Golubria             Charms/Translocation         2
   d - Portal Projectile              Translocation                3
   e - Teleport Other                 Translocation                3
   f - Passage of Golubria            Translocation                4
 H - a book of Alchemy

   Spells                             Type                      Level
   a - Sublimation of Blood           Necromancy                   2
   b - Ignite Poison                  Fire/Transmutation/Poison    3
   c - Petrify                        Transmutation/Earth          4
   d - Alistair's Intoxication        Transmutation/Poison         5
   e - Irradiate                      Conjuration/Transmutation    5
 N - a book of Burglary

   Spells                             Type                      Level
   a - Swiftness                      Charms/Air                   2
   b - Passwall                       Transmutation/Earth          2
   c - Passage of Golubria            Translocation                4
   d - Lee's Rapid Deconstruction     Earth                        5
   e - Darkness                       Hexes                        6
   f - Invisibility                   Hexes                        6
Miscellaneous
 T - a plain deck of changes
Comestibles
 c - 10 bread rations
 f - 6 meat rations
 D - a royal jelly
 I - 8 beef jerkies
 S - a fruit
 Z - a slice of pizza


   Skills:
 - Level 6.4 Fighting
 + Level 5.1 Polearms
 + Level 8.2 Dodging
 - Level 2.1 Stealth
 - Level 5.1 Spellcasting
 + Level 9.8 Conjurations
 * Level 11.1 Charms
 - Level 2.0 Translocations


You had 7 spell levels left.
You knew the following spells:

 Your Spells              Type           Power        Failure   Level  Hunger
a - Magic Dart            Conj           ####         1%          1    None
b - Searing Ray           Conj           ######       1%          2    None
c - Iskenderun's Battles  Conj/Chrm      ######..     2%          5    #####..
d - Blink                 Tloc           N/A          12%         2    None
e - Conjure Flame         Conj/Fire      ####....     2%          3    ##.....


Dungeon Overview and Level Annotations

Branches:
Dungeon (11/15)            Temple (1/1) D:4            Lair (1/8) D:8
    Orc: D:9-12

Altars:
Ashenzari
Cheibriados
Dithmenos
Elyvilon
Fedhas
Gozag
Kikubaaqudgha
Makhleb
Nemelex Xobeh
Okawaru
Pakellas
Qazlal
Ru
Sif Muna
Trog
Vehumet
Xom
Yredelemnul
Zin
The Shining One

Shops:
D:5 }


Innate Abilities, Weirdness & Mutations

You are partially covered in icy blue scales (AC +1).


Message History

Drink which item? (? for menu, Esc to quit)
Okay, then.
The wolf spider barely misses you. x2
Casting: Blink
Confirm with . or Enter, or press ? or * to list all spells.
You blink.
Okay, then.
Casting: Blink
Confirm with . or Enter, or press ? or * to list all spells.
You blink.
The big kobold throws a stone.
You block the stone.
Casting: Blink
Confirm with . or Enter, or press ? or * to list all spells.
You blink.
A centaur comes into view.
The centaur shouts!
The centaur wields a shortbow.
The centaur shoots an arrow.
The arrow barely misses you.
You see here an arrow.
The wolf spider hits you!!
You die...

#.###.##.......# #.#.# #....
#.#...!.....#### #K#.# #....
#.#.#.#c#.#.# #.#.# #....
#.#......c#.## #.#.# ##....
#.#.#.#.#....#####K#.# #.....
#.#..................####.....
#.#.#.#.#.....(...............
#...........#s####.#####.#....
###..#....###@###.#.####.#....
###.###.# #.##.###...(......
#.# #.# #.#.## ##......... #.#
#.# #.##.###>###.#....
##†###.###<###.#.## #......
#>......##.# ##.## #......
#######..#.####.#####..####
#...#.............#
##...#.####.######.#


You could see a wolf spider and a centaur.

Vanquished Creatures
  Erica (D:8)
  An unseen horror (D:10)
  Pikel (D:9)
  A centaur skeleton (D:10)
  3 spiny frogs
  2 komodo dragons (Lair:1)
  A polar bear (D:10)
  Sigmund (D:3)
  4 yaks
  A wraith (D:10)
  A wolf (D:10)
  Menkaure (D:6)
  An orc warrior (D:9)
  A slave (D:9)
  5 ice beasts
  A sky beast (D:9)
  A necrophage (D:8)
  2 phantoms
  A wasp (Lair:1)
  3 ogres
  5 centaurs
  A crocodile (Sewer)
  8 giant frogs
  4 scorpions
  3 killer bees (D:7)
  4 crimson imps
  9 howler monkeys
  A giant frog zombie (D:9)
  An orc priest (D:9)
  3 hounds
  3 jellies
  Crazy Yiuf (D:2)
  Jessica (D:2)
  14 orc wizards
  2 iguanas
  2 worker ants
  Ijyb (D:3)
  A hell rat (D:8)
  7 sheep (D:8)
  A hound skeleton (D:7)
  3 gnolls (D:8)
  15 adders
  3 river rats
  2 white imps (D:10)
  A howler monkey simulacrum (D:10)
  A worker ant simulacrum (D:10)
  An ufetubus (D:10)
  2 oozes
  An adder skeleton (D:8)
  3 worms
  5 dart slugs
  6 giant geckos
  13 orcs
  4 giant cockroaches
  6 goblins
  5 hobgoblins
  A jackal (D:4)
  5 quokkas
  A ball python (D:4)
  11 bats
  A giant gecko skeleton (D:4)
  5 giant newts
  3 kobolds
  A quokka skeleton (D:8)
  7 rats
211 creatures vanquished.

Vanquished Creatures (collateral kills)
  2 trolls
  An adder (D:9)
3 creatures vanquished.

Vanquished Creatures (others)
  A slave (D:9)
  An orc priest (D:9)
  An adder (D:9)
  An orc (D:9)
  2 fungi (Lair:1)
  A plant (Lair:1)
7 creatures vanquished.

Grand Total: 221 creatures vanquished

Notes
Turn   | Place    | Note
--------------------------------------------------------------
     0 | D:1      | KarvaRausku the High Elf Conjurer began the quest for the Orb.
     0 | D:1      | Reached XP level 1. HP: 11/11 MP: 4/4
   190 | D:1      | Reached XP level 2. HP: 13/17 MP: 2/6
   739 | D:1      | Reached XP level 3. HP: 22/22 MP: 1/8
   774 | D:2      | Learned a level 2 spell: Searing Ray
   790 | D:2      | Noticed Jessica
   792 | D:2      | Killed Jessica
   792 | D:2      | Reached skill level 1 in Fighting
   792 | D:2      | Reached skill level 5 in Conjurations
   999 | D:2      | Found a glowing silver altar of Zin.
   999 | D:2      | Noticed an angel
  1017 | D:2      | Reached XP level 4. HP: 24/28 MP: 5/10
  1294 | D:2      | Noticed Crazy Yiuf
  1301 | D:2      | Killed Crazy Yiuf
  1573 | D:2      | Reached XP level 5. HP: 34/34 MP: 5/12
  1653 | D:3      | Noticed Ijyb
  1657 | D:3      | Killed Ijyb
  1675 | D:3      | Noticed Sigmund
  1907 | D:3      | Killed Sigmund
  1907 | D:3      | Reached XP level 6. HP: 36/41 MP: 2/13
  1984 | D:3      | Found an oddly glowing altar of Pakellas.
  2076 | D:2      | Found a radiant altar of Vehumet.
  2084 | D:2      | Became a worshipper of Vehumet
  2120 | D:3      | Found a stormy altar of Qazlal.
  2375 | D:4      | Found a glowing golden altar of the Shining One.
  2422 | D:4      | Learned a level 5 spell: Iskenderun's Battlesphere
  2425 | D:4      | Learned a level 2 spell: Blink
  2696 | D:4      | Found a sacrificial altar of Ru.
  2816 | D:4      | Reached skill level 1 in Charms
  2823 | D:4      | Reached skill level 1 in Translocations
  3097 | D:4      | Found a staircase to the Ecumenical Temple.
  3103 | Temple   | Entered the Ecumenical Temple
  3289 | Temple   | Gained mutation: You are partially covered in icy blue scales (AC +1). [potion of beneficial mutation]
  3355 | D:5      | Entered Level 5 of the Dungeon
  3505 | D:5      | Reached XP level 7. HP: 37/45 MP: 6/14
  3550 | D:5      | Found a glowing drain.
  3560 | Sewer    | Entered a sewer
  3678 | Sewer    | Got a slimy spear
  3685 | Sewer    | Identified the +8 spear of the Extremes {drain, Int+3} (You found it in a sewer)
  3850 | D:5      | Found Cawuig's Gadget Shoppe.
  3888 | D:5      | Reached skill level 2 in Charms
  4277 | D:6      | Reached skill level 1 in Polearms
  4277 | D:6      | Reached skill level 5 in Spellcasting
  4289 | D:6      | Noticed Menkaure
  4298 | D:6      | Killed Menkaure
  4298 | D:6      | Reached skill level 3 in Charms
  4310 | D:6      | Reached XP level 8. HP: 52/52 MP: 13/16
  4884 | D:6      | Reached * piety under Vehumet
  4884 | D:6      | Offered knowledge of Freeze by Vehumet.
  4966 | D:7      | Reached skill level 4 in Charms
  5275 | D:7      | Reached skill level 5 in Dodging
  5275 | D:7      | Reached skill level 5 in Charms
  5926 | D:7      | Found a shimmering altar of Xom.
  5953 | D:7      | Reached skill level 6 in Charms
  5959 | D:7      | Reached XP level 9. HP: 15/59 MP: 9/17
  6735 | D:8      | Reached skill level 7 in Charms
  6757 | D:8      | Found a staircase to the Lair.
  6893 | D:8      | Noticed Erica
  6908 | D:8      | Killed Erica
  6908 | D:8      | Reached skill level 5 in Fighting
  6908 | D:8      | Reached skill level 8 in Charms
  7371 | D:8      | Found a deep blue altar of Sif Muna.
  7421 | D:8      | Found a sparkling altar of Nemelex Xobeh.
  7509 | D:9      | Noticed Pikel
  7531 | D:9      | Killed Pikel
  7583 | D:9      | Reached XP level 10. HP: 66/66 MP: 15/18
  7745 | D:8      | Offered knowledge of Shock by Vehumet.
  7839 | D:8      | Reached ** piety under Vehumet
  8158 | D:9      | Reached skill level 9 in Charms
  8232 | D:9      | Identified a +0 rod of shadows (13/13) (You found it on level 9 of the Dungeon)
  8499 | D:10     | Entered Level 10 of the Dungeon
  8778 | D:10     | Upgraded the game from 0.18-a0-1433-g1d8109a to 0.18-a0-1454-g5e6cd1e
  8841 | D:10     | Offered knowledge of Conjure Flame by Vehumet.
  8848 | D:10     | Learned a level 3 spell: Conjure Flame
  9065 | D:10     | Reached skill level 10 in Charms
  9140 | D:10     | Reached *** piety under Vehumet
  9185 | D:10     | Found a shadowy altar of Dithmenos.
  9220 | D:10     | Killed an unseen horror
  9488 | D:11     | Noticed a red ugly thing
  9699 | Lair:1   | Entered Level 1 of the Lair of Beasts
 10065 | Lair:1   | Noticed a spiny frog
 10072 | Lair:1   | Killed a spiny frog
 10072 | Lair:1   | Reached XP level 11. HP: 37/74 MP: 9/19
 10453 | Lair:1   | Offered knowledge of Inner Flame by Vehumet.
 10453 | Lair:1   | Reached skill level 5 in Polearms
 10506 | Lair:1   | Reached skill level 11 in Charms
 10583 | Lair:1   | Noticed a wolf spider
 10905 | D:8      | Mangled by a wolf spider

Vault maps used:
D:1:      dpeg_arrival_snail
D:2:      zin_angel, nicolae_overflow_hidden_temple, first_bread, uniq_jessica,
          uniq_crazy_yiuf_cottage
D:3:      johnstein_pakellas_dig, old_standard_altar, uniq_sigmund, uniq_iyjb
D:4:      minmay_opposing_rooms, nicolae_ru_sacrificial_ziggurat,
          tso_metal_star, minmay_temple_entry_fiery
D:5:      gup_sewer_entry_bubbles, serial_shops, shop, minivault_5
D:6:      uniq_menkaure
D:7:      minmay_flawed_box, lemuel_crystal_altar, grunt_ogre_cave
D:8:      nemelex_deck, dpeg_lair_monsters, eino_curves_04, glass_columns_b,
          led_sif_pool, uniq_erica
D:9:      uniq_pikel
D:10:     serial_ice, serial_ice_o, serial_ice_h, serial_ice_b, serial_ice_m,
          nicolae_dithmenos_the_darkroom
Temple:   chambers_temple_12
Lair:1:   minmay_lair_venomous_thicket, beast_lair_carwin_8,
          serial_bayou_shore_a
Sewer:    sewer_big_baddie

Skill      XL: |  1  2  3  4  5  6  7  8  9 10 11 |
---------------+----------------------------------+-----
Spellcasting   | 3 4 5 |  5.1
Fighting       | 1 2 3 4 5 6 |  6.4
Conjurations   | 5 6 7 8 9 |  9.8
Dodging        | 3 4 5 6 8 |  8.2
Charms         | 1 3 6 8 10 11 | 11.1
Translocations | 1 2 |  2.0
Polearms       | 1 2 3 4 5 |  5.1
Stealth        | |  2.1

Action                   |  1- 3 |  4- 6 |  7- 9 | 10-12 || total
-------------------------+-------+-------+-------+-------++-------
Melee: Unarmed           |     2 |       |     1 |       ||     3
       Spear             |       |       |    60 |    53 ||   113
 Cast: Magic Dart        |    54 |    76 |   115 |    82 ||   327
       Searing Ray       |     2 |    16 |    47 |    37 ||   102
       Iskenderun's Batt |       |       |       |    17 ||    17
       Conjure Flame     |       |       |       |     3 ||     3
       Blink             |       |       |       |     6 ||     6
Evoke: Rod               |       |       |       |     2 ||     2
  Use: Potion            |       |     6 |       |     4 ||    10
       Scroll            |       |     5 |     6 |     4 ||    15
 Stab: Sleeping          |       |       |     1 |       ||     1
  Eat: Chunk             |       |     7 |    10 |    18 ||    35
       Pizza             |       |     1 |     1 |       ||     2
